 Dungeon Crawl Stone Soup version 0.30-a0-696-g2367cd04db (webtiles) character file.

Game seed: 7465147383884620913

3642 BigDaddyOpFi the Nimble (level 10, -1/60 HPs)
             Began as a Djinni Hedge Wizard on Jan 20, 2023.
             Was an Initiate of Hepliaklqana.
             Slain by a large slime creature (22 damage)
             ... on level 8 of the Dungeon.
             The game lasted 00:16:52 (8217 turns).

BigDaddyOpFi the Nimble (Djinni Hedge Wizard)       Turns: 8217, Time: 00:16:52

Health: -1/60      AC: 13    Str:  9    XL:     10   Next: 33%
Gold:   254        EV: 13    Int: 27    God:    Hepliaklqana [......] SH:  0 Dex: 12

rFire   + + +      SeeInvis .    x - +6 whip "Vaeg" {spect, rElec rF+ rCorr}
rCold   x . .      Faith    .    (no shield)
rNeg    . . .      Spirit   +    L - quicksilver dragon scales
rPois   ∞          Reflect  .    c - +1 hat
rElec   +          Harm     .    e - +2 cloak
rCorr   +          Rampage  .    (no gloves)
Will    ++...                    (boots unavailable)
Stlth   +++                      K - amulet of guardian spirit
HPRegen 0.30/turn                i - +6 ring of intelligence
MPRegen 0.00/turn                q - ring of wizardry

@: flying
A: sickness immunity, fire resistance 2, cold vulnerability 1, float, innate
caster, HP casting, extra vitality 1
a: Renounce Religion


You were on level 8 of the Dungeon.
You worshipped Hepliaklqana.
Hepliaklqana was noncommittal.
You visited 2 branches of the dungeon, and saw 9 of its levels.

You collected 254 gold pieces.

Inventory:

Hand Weapons
 a - a +0 dagger
 l - a +2 quarterstaff of flaming
 s - a +0 dagger of venom
 x - the +6 whip "Vaeg" (weapon) {spect, rElec rF+ rCorr}
   (You found it on level 2 of the Dungeon)

   rF:        It protects you from fire.
   rElec:     It insulates you from electricity.
   rCorr:     It protects you from acid and corrosion.
Armour
 b - a +0 robe
 c - a +1 hat (worn)
 e - a +2 cloak (worn)
 L - quicksilver dragon scales (worn)
Jewellery
 i - a +6 ring of intelligence (left hand)
 q - a ring of wizardry (right hand)
 w - a +5 ring of evasion
 y - a ring of wizardry
 G - a +5 ring of evasion
 J - a +6 ring of dexterity
 K - an amulet of guardian spirit (around neck)
Wands
 A - a wand of flame (21)
 D - a wand of polymorph (2)
 H - a wand of charming (8)
Scrolls
 f - a scroll of torment {unknown}
 g - 6 scrolls of identify
 h - 3 scrolls of enchant weapon
 j - a scroll of brand weapon
 m - a scroll of magic mapping
 u - a scroll of immolation
 F - 5 scrolls of teleportation
Potions
 d - a potion of magic
 k - a potion of heal wounds
 n - 2 potions of flight {unknown}
 o - a potion of might {unknown}
 p - 3 potions of haste {unknown}
 r - 5 potions of attraction {unknown}
 t - a potion of ambrosia {unknown}
 v - 3 potions of brilliance {unknown}
 z - 2 potions of invisibility {unknown}
 C - 2 potions of curing
 E - a potion of lignification {unknown}
 I - 3 potions of degeneration {unknown}
 M - a potion of mutation {unknown}
 N - 2 potions of cancellation {unknown}
 O - a potion of resistance {unknown}


   Skills:
 + Level 9.2 Dodging
 + Level 7.7 Stealth
 + Level 6.8 Spellcasting


You had 4 spell levels left.
You knew the following spells:

 Your Spells              Type           Power      Damage    Failure   Level
a - Magic Dart            Conj           100%       1d8       1%          1
b - Slow                  Hex            100%       N/A       1%          1
c - Blink                 Tloc           90%        N/A       1%          2
d - Call Imp              Summ           45%        N/A       1%          2
e - Mephitic Cloud        Conj/Pois/Air  45%        N/A       1%          3
f - Shock                 Conj/Air       100%       1d9       1%          1
g - Lesser Beckoning      Tloc           90%        N/A       1%          2
h - Wereblood             Tmut           45%        N/A       1%          2
i - Sticky Flame          Conj/Fire      45%        2d6       4%          4
Your spell library was empty.

Dungeon Overview and Level Annotations

Branches:
Dungeon (8/15)             Temple (1/1) D:5
   Lair: D:8-11

Altars:
Ashenzari
Cheibriados
Dithmenos
Elyvilon
Fedhas
Gozag
Hepliaklqana
Makhleb
Nemelex Xobeh
Okawaru
Qazlal
Ru
Trog
Uskayaw
Wu Jian
Xom
Yredelemnul
Zin
The Shining One

Shops:
D:2 [   D:3 :   D:6 (

Annotations:
D:6 2 transporters, Darius099's ghost, novice GrFi


Innate Abilities, Weirdness & Mutations

You are immune to sickness and miasma.
You are immune to poison.
Your flesh is very heat resistant. (rF++)
You are vulnerable to cold. (rC-)
You float through the air rather than walking.
You learn spells naturally, not from books.
Your magical power is your life essence.
You have superior vitality. (+4 MHP)


Message History

Aiming: Shock (safe; 1% risk of failure)
Press: ? - help, Q - select action, (/) - cycle Shift-Dir - straight line, f/p - slime creature
Aim: a slime creature (heavily wounded, 94% to hit)
The zap hits the slime creature.
The slime creature is heavily wounded.
The zap hits the slime creature.
The slime creature is lightly wounded.
The slime creature hits you but does no damage.
Two slime creatures merge to form a large slime creature.
Aiming: Shock (safe; 1% risk of failure)
Press: ? - help, Q - select action, (/) - cycle Shift-Dir - straight line, f/p - large slime creature
Aim: a large slime creature (moderately wounded, 94% to hit)
The zap hits the large slime creature!
The large slime creature is moderately wounded.
Aiming: Shock (safe; 1% risk of failure)
Press: ? - help, Q - select action, (/) - cycle Shift-Dir - straight line, f/p - large slime creature
Aim: a large slime creature (moderately wounded, 94% to hit)
The zap hits the large slime creature.
The large slime creature is moderately wounded.
Okay, then.
Casting: Shock (safe; 1% risk of failure)
Confirm with . or Enter, or press ? or * to list all spells.
Aiming: Sticky Flame (dangerous; 4% risk of failure)
Press: ? - help, Shift-Dir - straight line, f/p - large slime creature
Aim: a large slime creature (moderately wounded)
The sticky flame hits the large slime creature!
The large slime creature is heavily wounded.
The large slime creature is covered in liquid flames!
The large slime creature burns!
The large slime creature hits you but does no damage.
Casting: Sticky Flame (dangerous; 4% risk of failure)
Confirm with . or Enter, or press ? or * to list all spells.
Aiming: Sticky Flame (dangerous; 4% risk of failure)
Press: ? - help, Shift-Dir - straight line, f/p - large slime creature
Aim: a large slime creature (heavily wounded, covered in liquid flames)
The sticky flame hits the large slime creature!
The large slime creature is heavily wounded.
The large slime creature is covered in liquid flames!
The large slime creature burns!
The large slime creature hits you!!
You die...

####################
#..J.J@.....(......#
#J################.#
#.# #.# #.# #.# #.#
##.## #[# ##...##
#.# ##.....## #####
#J# #.......#
.....####.#
#.........


You could see a large slime creature (burning) and 2 slime creatures.

Vanquished Creatures
  An orc sorcerer (D:8)
  Grinder (D:3)
  Sigmund (D:5)
  A shadow (D:7)
  3 yaks (D:7)
  Edmund (D:5)
  2 water moccasins
  An ice beast (D:5)
  2 ogres
  A centaur (D:8)
  A bullfrog (D:5)
  Blork the orc (D:6)
  2 necrophages (D:5)
  3 scorpions
  A gnoll sergeant (D:6)
  5 wights (D:6)
  A howler monkey (D:5)
  3 hounds
  3 jellies
  2 orc priests
  Terence (D:3)
  Jessica (D:3)
  3 iguanas
  6 orc wizards
  Robin (D:4)
  8 gnolls
  6 adders
  An ufetubus (D:4)
  2 worms (D:3)
  2 dart slugs (D:1)
  10 orcs
  6 ball pythons
  11 endoplasms
  4 giant cockroaches
  18 goblins
  8 hobgoblins
  12 jackals
  4 kobolds
  8 quokkas
  7 bats
  2 frilled lizards (D:1)
  7 rats
164 creatures vanquished.

Vanquished Creatures (collateral kills)
  A scorpion (D:5)
  An orc (D:5)
2 creatures vanquished.

Vanquished Creatures (others)
  11 plants (D:6)
11 creatures vanquished.

Grand Total: 177 creatures vanquished

Notes
Turn   | Place    | Note
-------+----------+-------------------------------------------
     0 | D:1      | BigDaddyOpFi the Djinni Hedge Wizard began the quest for
                  | the Orb.
     0 | D:1      | BigDaddyOpFi set off with the following spells memorised:
                  | Magic Dart, Slow, Blink, Call Imp, Mephitic Cloud.
     0 | D:1      | Reached XP level 1. HP: 15/15 MP: 0/0
   179 | D:1      | Reached XP level 2. HP: 14/21 MP: 0/0
   426 | D:1      | Reached XP level 3. HP: 23/25 MP: 0/0
   426 | D:1      | Learned a level 1 spell: Shock
   690 | D:1      | Reached skill level 3 in Dodging
  1146 | D:1      | Reached XP level 4. HP: 11/31 MP: 0/0
  2742 | D:2      | Found Niosebo's Armour Shop.
  2750 | D:2      | Reached XP level 5. HP: 32/35 MP: 0/0
  2750 | D:2      | Learned a level 2 spell: Lesser Beckoning
  2802 | D:2      | Identified the +6 whip "Vaeg" {spect, rElec rF+ rCorr}
  3001 | D:3      | Found a hide-covered altar of Uskayaw.
  3041 | D:3      | Noticed Jessica
  3044 | D:3      | Killed Jessica
  3063 | D:3      | Noticed Grinder
  3071 | D:3      | Killed Grinder
  3072 | D:3      | Reached skill level 4 in Dodging
  3072 | D:3      | Reached XP level 6. HP: 28/40 MP: 0/0
  3195 | D:3      | Reached XP level 7. HP: 41/45 MP: 0/0
  3195 | D:3      | Learned a level 2 spell: Wereblood
  3218 | D:3      | Noticed Terence
  3228 | D:3      | Killed Terence
  3400 | D:3      | Found Vatosk's Book Shoppe.
  3742 | D:3      | Noticed a water moccasin
  3755 | D:3      | Killed a water moccasin
  3756 | D:3      | Reached skill level 5 in Dodging
  4234 | D:4      | Noticed Robin
  4240 | D:4      | Killed Robin
  4789 | D:4      | Reached XP level 8. HP: 50/50 MP: 0/0
  4937 | D:5      | Entered Level 5 of the Dungeon
  5164 | D:5      | Reached skill level 6 in Dodging
  5256 | D:5      | Reached skill level 5 in Stealth
  5381 | D:5      | Noticed Sigmund
  5387 | D:5      | Killed Sigmund
  5388 | D:5      | Reached skill level 5 in Spellcasting
  5444 | D:5      | Noticed Edmund
  5452 | D:5      | Killed Edmund
  5525 | D:5      | Found a staircase to the Ecumenical Temple.
  5562 | D:5      | Reached XP level 9. HP: 55/55 MP: 0/0
  5562 | D:5      | Learned a level 4 spell: Sticky Flame
  5691 | D:5      | Reached skill level 7 in Dodging
  5881 | D:6      | Found a transporter.
  5883 | D:6      | Noticed Darius099's ghost (novice GrFi)
  5902 | D:6      | Found a transporter.
  6075 | D:6      | Found Ykiuh's Weapon Boutique.
  6095 | D:6      | Found a burning altar of Makhleb.
  6326 | D:6      | Found a stormy altar of Qazlal.
  6381 | D:6      | Found a blossoming altar of Fedhas.
  6381 | D:6      | Noticed Blork the orc
  6388 | D:6      | Killed Blork the orc
  6389 | D:6      | Reached skill level 8 in Dodging
  7358 | D:7      | Found a shimmering altar of Xom.
  7399 | D:7      | Reached XP level 10. HP: 40/60 MP: 0/0
  7595 | D:7      | Found a sparkling altar of Nemelex Xobeh.
  7784 | D:7      | Found a basalt altar of Yredelemnul.
  7956 | Temple   | Entered the Ecumenical Temple
  8023 | Temple   | Became a worshipper of Hepliaklqana the Forgotten
  8165 | D:8      | Noticed an orc sorcerer
  8176 | D:8      | Killed an orc sorcerer
  8177 | D:8      | Reached skill level 9 in Dodging
  8217 | D:8      | Slain by a large slime creature

Illustrated notes

Levels and vault maps discovered:
D:1:      lemuel_arrival_lava_pool, layout_loops_ring, minmay_three_crescents
D:2:      layout_rooms, serial_shops, nicolae_square_shop
D:3:      layout_loops_ring, eat_drink_and_be_merry_uskayaw, serial_shops,
          nicolae_shop_competitors_out_of_business, dk_noncrumbling_4,
          uniq_grinder, uniq_terence, uniq_jessica
D:4:      layout_gridville, uniq_robin
D:5:      layout_basic, minmay_temple_entry_waves, kennysheep_generic_room_10,
          uniq_sigmund, uniq_edmund
D:6:      layout_basic, nicolae_qazlal_general_emergency,
          fedhas_altar_decomposition, mainiacjoe_overflow_brackets,
          gammafunk_ghost_stat_death, serial_shops,
          nicolae_shop_bloodbath_and_beyond, uniq_blork_the_orc
D:7:      layout_basic, general_overflow_altar, dk_xom_monty_hall,
          lemuel_doored_altar
D:8:      cheibrodos_wizards_tower, layout_loops_ring
Temple:   nicolae_temple_two_arcs

Skill      XL: |  1  2  3  4  5  6  7  8  9 10 |
---------------+-------------------------------+-----
Stealth        | 2 3 4 5 7 |  7.7
Dodging        | 3 4 5 6 8 9 |  9.2
Spellcasting   | 3 4 5 6 |  6.8

Action                   |  1- 3 |  4- 6 |  7- 9 | 10-12 || total
-------------------------+-------+-------+-------+-------++-------
Melee: Dagger            |     1 |       |       |       ||     1
       Whip              |       |    10 |    75 |    13 ||    98
 Cast: Magic Dart        |    86 |    67 |    53 |       ||   206
       Shock             |     6 |       |   130 |    19 ||   155
       Slow              |     3 |     5 |    19 |       ||    27
       Call Imp          |       |     1 |     3 |       ||     4
       Lesser Beckoning  |       |     3 |     9 |       ||    12
       Blink             |       |       |     6 |       ||     6
       Wereblood         |       |       |     2 |       ||     2
       Sticky Flame      |       |       |     3 |     3 ||     6
Evoke: Wand              |       |       |     6 |       ||     6
  Use: Potion            |     2 |     1 |     1 |     3 ||     7
       Scroll            |       |       |    12 |     1 ||    13
 Stab: Distracted        |       |       |     3 |       ||     3
       Sleeping          |       |       |     1 |       ||     1
Armor: Robe              |     3 |    14 |     7 |       ||    24
       Quicksilver drago |       |       |    25 |     6 ||    31
Dodge: Dodged            |    28 |    32 |    54 |    13 ||   127

Table legend: (Time is in decaauts)
 A = Elapsed time spent in this place.
 B = Non-inter-level travel time spent in this place.
 C = Inter-level travel time spent in this place.
 D = Time resting spent in this place.
 E = Time spent auto-exploring this place.
 F = Levels seen in this place.
 G = Mean time per level.
                   A        B        C        D        E       F      G
               +--------+--------+--------+--------+--------+-----+--------+
         Total |   8234 |   7931 |    303 |   1965 |   4832 |   9 |  914.9 |
       Dungeon |   8157 |   7863 |    294 |   1965 |   4832 |   8 | 1019.6 |
        Temple |     76 |     67 |      9 |      0 |      0 |   1 |   76.0 |
               +--------+--------+--------+--------+--------+-----+--------+

Top non-repeatable levels by time:
     D:1: 2203 daAuts
     D:6: 1297 daAuts
     D:4: 1062 daAuts
     D:5: 953 daAuts
     D:3: 898 daAuts
     D:7: 852 daAuts
     D:2: 781 daAuts
     D:8: 108 daAuts
  Temple: 76 daAuts
